 Dungeon Crawl Stone Soup version 0.30-a0-718-geaa24f58ff (webtiles) character file.

Game seed: 3512596783170406337

278791 ASSMAN the Slayer (level 20, -12/144 HPs)
             Began as a Gargoyle Gladiator on Jan 25, 2023.
             Was a High Priest of Okawaru.
             Mangled by ASSMAN's illusion (illusionary) (51 damage)
             ... woven by Mara
             ... on level 3 of the Elven Halls on Jan 26, 2023.
             The game lasted 01:12:06 (43117 turns).

ASSMAN the Slayer (Gargoyle Gladiator)             Turns: 43117, Time: 01:12:07

Health: -12/144    AC: 36    Str: 38    XL:     20   Next: 43%
Magic:  30/30      EV: 16    Int: 13    God:    Okawaru [*****.]
Gold:   1788       SH:  5    Dex: 11    Spells: 19/19 levels left

rFire   . . .      SeeInvis +    b - +6 great mace (drain)
rCold   + + +      Faith    .    (shield currently unavailable)
rNeg    + . .      Spirit   .    i - +4 skin of Zhor {*Englaciate rC+++ SInv}
rPois   ∞          Reflect  +    c - +2 helmet
rElec   +          Harm     .    d - +2 cloak {rPois}
rCorr   .          Rampage  +    o - +2 pair of gloves
Will    +....                    j - +1 pair of boots of Jameibuh {Rampage}
Stlth   +                        Q - amulet of Sunola {Reflect Int+3 SH+5}
HPRegen 0.44/turn                v - +6 ring of strength
MPRegen 0.22/turn                w - +6 ring of strength

@: mighty, flying, hasted, very quick
A: sickness immunity, AC +15, big wings, negative energy resistance 1,
electricity resistance, torment resistance 1, petrification resistance
}: 2/15 runes: barnacled, gossamer
a: Renounce Religion, Heroism, Finesse, Duel


You were on level 3 of the Elven Halls.
You worshipped Okawaru.
Okawaru was extremely pleased with you.
You visited 7 branches of the dungeon, and saw 34 of its levels.
You also visited: Bailey, Gauntlet and Ice Cave.

You collected 4616 gold pieces.
You spent 2828 gold pieces at shops.

Inventory:

Hand Weapons
 b - a +6 great mace of draining (weapon)
 f - the +1 whip "Yddeu" {flame, rC+}
   (You found it on level 6 of the Dungeon)

   rC:        It protects you from cold.
 p - the +10 spear of Indignation {venom, rElec rPois rF+ Int-5}
   (You found it in a Gauntlet)

   Int:       It affects your intelligence (-5).
   rF:        It protects you from fire.
   rElec:     It insulates you from electricity.
   rPois:     It protects you from poison.
 C - a +6 flail of protection
 L - a +2 demon whip of electrocution
Missiles
 e - 25 javelins (quivered)
 N - 2 throwing nets
 T - 11 silver javelins
Armour
 a - a +0 scale mail of cold resistance
 c - a +2 helmet (worn)
 d - a +2 cloak of poison resistance (worn)
 g - the +1 buckler of Okawaru's Generosity {-Tele rC+ rN+ Will++}
   (Okawaru gifted it to you on level 1 of the Elven Halls)

   rC:        It protects you from cold.
   rN:        It protects you from negative energy.
   -Tele:     It prevents most forms of teleportation.
   Will:      It greatly increases your willpower.
 i - the +4 skin of Zhor (worn) {*Englaciate rC+++ SInv}
   (You found it in an ice cave)

   *Englaciate: It radiates cold, occasionally slowing all nearby creatures who
   are not resistant to cold.
   rC:        It renders you almost immune to cold.
   SInv:      It lets you see invisible.
 j - the +1 pair of boots of Jameibuh (worn) {Rampage}
   (Okawaru gifted it to you on level 5 of the Lair of Beasts)

   Rampage:   It bestows one free step when moving towards enemies.
 k - a +1 tower shield of cold resistance
 o - a +2 pair of gloves (worn)
 y - a +2 scale mail of fire resistance
 H - a scarf of repulsion
 K - the +3 kite shield "Ehireety" {Str+6}
   (Okawaru gifted it to you on level 12 of the Dungeon)

   Str:       It affects your strength (+6).
 Y - the +3 plate armour of Anaesthesia {rPois rN++ MP-9}
   (You found it on level 4 of the Lair of Beasts)

   rPois:     It protects you from poison.
   rN:        It greatly protects you from negative energy.
   MP:        It affects your magic capacity (-9).
Jewellery
 t - a ring of protection from fire
 v - a +6 ring of strength (left hand)
 w - a +6 ring of strength (right hand)
 J - a ring of protection from cold
 M - the ring "Xiufatho" {Wiz rElec}
   (You took it off a merfolk siren on level 4 of the Shoals)

   [ring of wizardry]

   It improves your spell success rate.
   rElec:     It insulates you from electricity.
 Q - the amulet of Sunola (around neck) {Reflect Int+3 SH+5}
   (You acquired it on level 2 of the Lair of Beasts)

   [amulet of reflection]

   It reflects blocked missile attacks.
   Int:       It affects your intelligence (+3).
   SH:        It affects your SH (+5).
Wands
 l - a wand of mindburst (6)
 D - a wand of flame (38)
 O - a wand of digging (11)
 R - a wand of roots (31)
 U - a wand of polymorph (13)
 Z - a wand of quicksilver (12)
Scrolls
 n - 9 scrolls of identify
 q - 6 scrolls of fog
 s - 4 scrolls of teleportation
 x - 2 scrolls of enchant weapon
 z - 7 scrolls of amnesia
 F - 3 scrolls of enchant armour
 I - a scroll of blinking
 P - 4 scrolls of magic mapping
 S - a scroll of silence
 X - a scroll of fear
Potions
 h - 8 potions of curing
 m - 7 potions of brilliance
 u - a potion of cancellation
 A - 2 potions of invisibility
 B - 5 potions of resistance
 G - 4 potions of magic
Miscellaneous
 E - a phial of floods


   Skills:
 * Level 21.2 Fighting
 - Level 20.0 Maces & Flails
 - Level 1.7 Throwing
 - Level 16.7 Armour
 + Level 11.7 Dodging
 - Level 14.5 Invocations


You had 19 spell levels left.
You didn't know any spells.
Your spell library contained the following spells:

 Spells                   Type           Power      Damage    Failure   Level
 Necrotise                Necr           0%         1d4       30%         1
 Sandblast                Erth           0%         2d4       30%         1
 Shock                    Conj/Air       0%         1d3       30%         1
 Slow                     Hex            0%         N/A       30%         1
 Sting                    Tmut/Pois      0%         1d3       30%         1
 Blink                    Tloc           0%         N/A       43%         2
 Lesser Beckoning         Tloc           0%         N/A       43%         2
 Momentum Strike          Conj/Tloc      0%         3d8       43%         2
 Passwall                 Tmut/Erth      0%         N/A       43%         2
 Poisonous Vapours        Pois/Air       0%         N/A       43%         2
 Scorch                   Fire           0%         2d5       43%         2
 Confusing Touch          Hex            0%         N/A       67%         3
 Frozen Ramparts          Ice            0%         1d1       67%         3
 Ozocubu's Armour         Ice            0%         N/A       67%         3
 Portal Projectile        Hex/Tloc       0%         N/A       67%         3
 Stone Arrow              Conj/Erth      0%         3d7       67%         3
 Swiftness                Air            0%         N/A       67%         3
 Vampiric Draining        Necr           0%         2d6       67%         3
 Airstrike                Air            0%         2d(0-16)  97%         4
 Dispel Undead            Necr           0%         3d6       97%         4
 Flame Wave               Conj/Fire      0%         2d4       97%         4
 Ice Form                 Ice/Tmut       0%         N/A       97%         4
 Leda's Liquefaction      Hex/Erth       0%         N/A       97%         4
 Olgreb's Toxic Radiance  Pois           0%         N/A       97%         4
 Petrify                  Tmut/Erth      0%         N/A       97%         4
 Agony                    Necr           0%         N/A       100%        5
 Alistair's Intoxication  Tmut/Pois      0%         N/A       100%        5
 Blade Hands              Tmut           0%         N/A       100%        5
 Borgnjor's Vile Clutch   Necr/Erth      0%         N/A       100%        5
 Lee's Rapid Deconstruct  Erth           0%         3d4*      100%        5
 Metabolic Englaciation   Hex/Ice        0%         N/A       100%        5
 Yara's Violent Unravell  Hex/Tmut       0%         3d3       100%        5
 Eringya's Noxious Bog    Tmut/Pois      0%         N/A       100%        6
 Enfeeble                 Hex            0%         N/A       100%        7
 Cigotuvi's Dreadful Rot  Necr/Pois/Air  Unusable   N/A       N/A         2
 Call Canine Familiar     Summ           Unusable   N/A       N/A         3
 Tukima's Dance           Hex            Unusable   N/A       N/A         3
 Summon Ice Beast         Ice/Summ       Unusable   N/A       N/A         4
 Summon Forest            Summ/Tloc      Unusable   N/A       N/A         5
 Summon Mana Viper        Hex/Summ       Unusable   N/A       N/A         5
 Death Channel            Necr           Unusable   N/A       N/A         6
 Simulacrum               Ice/Necr       Unusable   N/A       N/A         6
 Statue Form              Tmut/Erth      Unusable   N/A       N/A         6
 Summon Cactus Giant      Summ           Unusable   N/A       N/A         6

Dungeon Overview and Level Annotations

Branches:
Dungeon (15/15)            Temple (1/1) D:6            Lair (5/5) D:10
 Shoals (4/4) Lair:2       Spider (4/4) Lair:2        Slime (0/5) Lair:4
    Orc (2/2) D:10            Elf (3/3) Orc:2        Vaults (0/5) D:14
 Depths (0/4) D:15         Bailey (visited)           IceCv (visited)
Gauntlet (visited)

Altars:
Ashenzari
Cheibriados
Dithmenos
Elyvilon
Fedhas
Gozag
Hepliaklqana
Kikubaaqudgha
Makhleb
Nemelex Xobeh
Okawaru
Qazlal
Ru
Sif Muna
Trog
Uskayaw
Vehumet
Wu Jian
Xom
Yredelemnul
Zin
The Shining One
Jiyva

Shops:
D:3 ([   D:8 :[?   Orc:1 =(   Orc:2 !?(*:   Elf:1 (   Elf:3 *

Portals:
Pandemonium: Orc:2

Annotations:
D:3 3 runed translucent doors, wormed's ghost, amateur OpAE
D:8 exclusion: ice statue
D:11 1 runed translucent door
Elf:3 2 exclusions, Mara


Innate Abilities, Weirdness & Mutations

You are immune to sickness and miasma.
Your stone body is resilient. (AC +15)
You are immune to poison.
Your large and strong wings let you fly.
You resist negative energy. (rN+)
You are resistant to electric shocks. (rElec)
You are resistant to unholy torment.
You are immune to petrification.


Message History

You miss Mara.
Mara is almost dead.
You barely miss Mara.
Mara is almost dead.
You radiate an aura of cold.
Mara seems to slow down.
ASSMAN's illusion is unaffected.
ASSMAN's illusion hits you but does no damage.
You thump Mara!
Mara is almost dead.
Mara hits you but does no damage. ASSMAN's illusion barely misses you.
You closely miss Mara.
Mara is almost dead.
You radiate an aura of cold.
Mara seems to slow down.
ASSMAN's illusion is unaffected.
You closely miss Mara.
Mara is almost dead.
ASSMAN's illusion hits you!
* * * LOW HITPOINT WARNING * * *
You completely miss Mara.
Mara is almost dead.
You block ASSMAN's illusion's attack.
You feel much better.
Mara blinks!
ASSMAN's illusion hits you but does no damage.
ASSMAN's illusion hits you!!!
* * * LOW HITPOINT WARNING * * *
Mara blinks!
You feel much better. You block ASSMAN's illusion's attack.
You feel much better. You block ASSMAN's illusion's attack.
You feel much better. ASSMAN's illusion misses you.
ASSMAN's illusion completely misses you.
You block ASSMAN's illusion's attack. You block Mara's attack.
You barely miss Mara.
Mara is almost dead.
You radiate an aura of cold.
Mara resists.
ASSMAN's illusion is unaffected.
ASSMAN's illusion hits you!!!
* * * LOW HITPOINT WARNING * * *
You closely miss Mara.
Mara is almost dead.
ASSMAN's illusion hits you!!!
You die...

*,,,.........
*,,,[#.##.#.#
**,,#..###.##
**#.#.##.#.# ###
*#.##.#.###. ##.##
##.#*#..#* ##
#...###)####.######
#....).)..)........
#.@R#.####.#.######
#.@...#*#.##.# #
*#..#+#.#.#*#.# ##
#...#.#...* #.# ##.
#.###.###.###.####.#
#.+..∩..+.##....#.##
#####.###*##.....##
*.#.# #....##
*+#.####....###


You could see Mara (slow) and ASSMAN's illusion (fast, strong).

Vanquished Creatures
  Jorgrun (D:12)
  A titan (Arena)
  A deep elf blademaster (Elf:2)
  Frances (Arena)
  A kraken (Shoals:4)
  Kirke (D:13)
  A sphinx (Shoals:4)
  Roxanne (Shoals:1)
  A deep elf sorcerer (Elf:3)
  A frost giant (Shoals:1)
  An emperor scorpion (Spider:3)
  A deep elf elementalist (Elf:2)
  5 ghost moths
  6 broodmothers
  An ironbound preserver (D:14)
  Azrael (Spider:3)
  4 minotaurs
  A deep elf annihilator (Elf:1)
  4 spark wasps
  A spectral kraken (Shoals:3)
  A crystal guardian (D:12)
  3 deep elf death magi
  8 merfolk impalers
  2 merfolk javelineers
  3 entropy weavers
  A yaktaur captain (D:12)
  5 vault guards
  7 hydras
  2 merfolk avatars
  3 ghost crabs (Shoals:3)
  An ice dragon (Lair:5)
  A deep elf high priest (Elf:1)
  3 jorogumos (Spider:3)
  3 demonspawn (Orc:2)
  8 boulder beetles
  7 centaur warriors
  3 merfolk aquamancers
  3 radroaches
  7 two-headed ogres
  A death yak (Gauntlet)
  6 satyrs
  27 dancing weapons
  17 deep elf knights
  4 orc high priests (Orc:2)
  3 sun moths
  A death drake (shapeshifter) (D:12)
  4 skeletal warriors (D:11)
  4 pharaoh ants
  A sea snake (shapeshifter) (D:14)
  7 sea snakes
  3 slime creatures (D:13)
  25 deep elf pyromancers
  6 orb spiders
  7 steelbarb worms
  2 wizards (D:15)
  Pikel (D:8)
  13 harpies
  15 deep elf archers
  8 orc knights
  4 lindwurms
  30 deep elf zephyrmancers
  8 orc sorcerers
  3 necromancers
  27 wolf spiders
  20 ugly things
  8 cyclopes
  18 manticores
  13 fauns
  A centaur zombie (D:15)
  3 moths of wrath
  12 elephants (Lair:5)
  2 water nymphs (Shoals:3)
  8 black mambas
  An ice statue (IceCv)
  10 demonic crawlers
  10 merfolk sirens
  3 gargoyles (D:12)
  A rust devil (Orc:2)
  A naga mage (D:15)
  3 rime drakes
  2 vault sentinels (Elf:1)
  A centaur skeleton (D:15)
  9 torpor snails
  8 cane toads
  9 komodo dragons
  A freezing wraith (IceCv)
  14 ice devils
  3 yaktaurs (D:15)
  A spectral water nymph (Shoals:3)
  4 anaconda simulacra (IceCv)
  5 trolls
  A meliai (shapeshifter) (D:12)
  23 merfolk
  10 wind drakes
  20 meliai
  3 tyrant leeches (Lair:5)
  A hellwing (Orc:2)
  24 tarantellas
  7 hornets (Lair:5)
  14 polar bears
  Prince Ribbit (Bailey)
  12 blink frogs (Lair:1)
  7 snapping turtles
  16 dream sheep
  3 raiju (Lair:5)
  A spectral merfolk (Shoals:3)
  28 jumping spiders
  A spectral wind drake (Shoals:3)
  15 culicivoras
  3 air elementals (Elf:2)
  2 shadows (D:11)
  7 centaur simulacra
  4 wraiths
  5 hogs (D:13)
  10 wyverns
  A vampire (D:11)
  14 water elementals
  4 fire elementals
  4 humans
  27 yaks
  4 steam dragons
  6 basilisks
  38 redbacks
  13 vampire mosquitoes
  Menkaure (D:6)
  6 wargs
  Edmund (D:6)
  A redback simulacrum (Gauntlet)
  3 harpy simulacra
  5 death yak simulacra (IceCv)
  16 water moccasins
  2 acid dragons
  17 hell hounds
  2 hydra simulacra (IceCv)
  Duvessa (D:7)
  An ice dragon simulacrum (Gauntlet)
  30 orc warriors
  A swamp drake (D:10)
  3 ice beasts
  14 black bears
  A black bear (shapeshifter) (D:15)
  A meliai simulacrum (D:12)
  39 wolves
  6 ogres
  14 centaurs
  A spectral cyclops (Shoals:3)
  2 phantoms (D:5)
  4 kobold brigands
  19 bullfrogs
  3 necrophages
  2 gnoll sergeants
  3 cane toad simulacra (IceCv)
  2 two-headed ogre simulacra (IceCv)
  2 earth elementals
  5 scorpions
  10 wights
  Dowan (D:7)
  3 elephant simulacra (IceCv)
  11 killer bees
  6 howler monkeys
  2 electric eels
  A crimson imp (Spider:4)
  4 hounds
  6 jellies
  20 orc priests
  A gnoll bouda (D:6)
  5 iguanas
  Terence (D:2)
  A boggart zombie (D:15)
  13 orc wizards
  A polar bear simulacrum (IceCv)
  A troll simulacrum (IceCv)
  8 wolf simulacra (IceCv)
  26 gnolls
  9 adders
  14 white imps
  An ufetubus (IceCv)
  7 worms
  A dart slug (D:2)
  81 orcs
  5 bats
  5 endoplasms
  4 giant cockroaches
  9 hobgoblins
  8 jackals (D:1)
  59 kobolds
  3 quokkas (D:4)
  5 ball pythons
  3 frilled lizards
  9 goblins
  3 rats (D:1)
  2 tentacles (Shoals:3)
1390 creatures vanquished.

Vanquished Creatures (others)
  A deep elf elementalist (Elf:3)
  A merfolk avatar (Shoals:2)
  A deep elf archer (Elf:2)
  A deep elf zephyrmancer (Elf:2)
  A jumping spider (Spider:3)
  An orc wizard (Orc:2)
  36 fungi
  53 plants
  15 tentacles
  16 withered plants
126 creatures vanquished.

Grand Total: 1516 creatures vanquished

Notes
Turn   | Place    | Note
-------+----------+-------------------------------------------
     0 | D:1      | ASSMAN the Gargoyle Gladiator began the quest for the Orb.
     0 | D:1      | Reached XP level 1. HP: 12/12 MP: 1/1
   127 | D:1      | Reached XP level 2. HP: 14/17 MP: 2/2
   705 | D:1      | Reached XP level 3. HP: 21/21 MP: 3/3
   931 | D:2      | Noticed Terence
   940 | D:2      | Killed Terence
  1050 | D:2      | Found a bloodstained altar of Trog.
  1076 | D:2      | Reached XP level 4. HP: 26/26 MP: 4/4
  1406 | D:2      | Reached skill level 5 in Maces & Flails
  1648 | D:3      | Noticed a scorpion
  1655 | D:3      | Killed a scorpion
  1656 | D:3      | Reached XP level 5. HP: 29/30 MP: 5/5
  1669 | D:3      | Found a runed translucent gate.
  1672 | D:3      | Noticed a kobold brigand
  1672 | D:3      | Found a runed translucent gate.
  1672 | D:3      | Noticed wormed's ghost (amateur OpAE)
  1673 | D:3      | Found a runed translucent gate.
  1727 | D:3      | Found a white marble altar of Elyvilon.
  1811 | D:3      | Found an iron altar of Okawaru.
  1901 | D:3      | Found Mout's Antique Armour Shoppe.
  1905 | D:3      | Found Huss's Weapon Emporium.
  2358 | D:3      | Reached XP level 6. HP: 35/35 MP: 6/6
  3194 | D:4      | Reached XP level 7. HP: 40/40 MP: 7/7
  3272 | D:4      | Found a burning altar of Makhleb.
  3763 | D:5      | Entered Level 5 of the Dungeon
  4114 | D:5      | Reached XP level 8. HP: 32/44 MP: 8/8
  4425 | D:5      | Reached skill level 10 in Maces & Flails
  4709 | D:6      | Found a staircase to the Ecumenical Temple.
  4739 | Temple   | Entered the Ecumenical Temple
  5036 | D:6      | Noticed Menkaure
  5041 | D:6      | Killed Menkaure
  5072 | D:6      | Found a shimmering altar of Xom.
  5296 | D:6      | Reached XP level 9. HP: 26/48 MP: 9/9
  5404 | D:6      | Noticed Edmund
  5447 | D:6      | Killed Edmund
  5737 | D:6      | Found a glowing golden altar of the Shining One.
  5837 | D:6      | Identified the +1 whip "Yddeu" {flame, rC+}
  6279 | D:7      | Noticed Dowan
  6280 | D:7      | Noticed Duvessa
  6290 | D:7      | Killed Duvessa
  6305 | D:7      | Killed Dowan
  6726 | D:8      | Found Doleon's Antique Armour Shop.
  6756 | D:8      | Found Okloll's Magic Scroll Shoppe.
  6806 | D:8      | Reached XP level 10. HP: 51/53 MP: 10/10
  6820 | D:8      | Reached skill level 1 in Armour
  6890 | D:8      | Reached skill level 3 in Fighting
  6896 | D:8      | Noticed an ice statue
  7014 | D:8      | Noticed Pikel
  7027 | D:8      | Killed Pikel
  7028 | D:8      | Reached skill level 4 in Fighting
  7144 | D:8      | Noticed a two-headed ogre
  7153 | D:8      | Killed a two-headed ogre
  7154 | D:8      | Reached skill level 5 in Fighting
  7241 | D:8      | Found Suked's Book Shoppe.
  7637 | D:9      | Found a runed translucent door.
  7930 | D:9      | Reached skill level 5 in Armour
  8047 | D:9      | Found a flagged portal.
  8053 | Bailey   | Entered a bailey
  8091 | Bailey   | Reached skill level 6 in Fighting
  8240 | Bailey   | Noticed Prince Ribbit
  8240 | Bailey   | Noticed a vault guard
  8303 | Bailey   | Killed a vault guard
  8304 | Bailey   | Reached skill level 7 in Fighting
  8304 | Bailey   | Reached XP level 11. HP: 52/67 MP: 11/11
  8331 | Bailey   | Killed Prince Ribbit
  8432 | Bailey   | Identified a scroll of acquirement
  8432 | Bailey   | Acquired a +5 great mace of draining
  9147 | D:9      | Noticed an orc knight
  9187 | D:10     | Entered Level 10 of the Dungeon
  9210 | D:10     | Found a staircase to the Orcish Mines.
  9607 | D:10     | Found a staircase to the Lair.
  9793 | D:10     | Found an ancient bone altar of Kikubaaqudgha.
  9824 | D:10     | Reached skill level 15 in Maces & Flails
  9939 | D:10     | Found a hide-covered altar of Uskayaw.
 10018 | D:10     | Noticed a two-headed ogre
 10027 | D:10     | Killed a two-headed ogre
 10441 | D:3      | Became a worshipper of Warmaster Okawaru
 10723 | D:11     | Noticed a skeletal warrior
 10729 | D:11     | Killed a skeletal warrior
 10738 | D:11     | Noticed a skeletal warrior
 10970 | D:11     | Killed a skeletal warrior
 10970 | D:11     | Reached * piety under Okawaru
 10971 | D:11     | Reached skill level 1 in Invocations
 10974 | D:11     | Noticed a skeletal warrior
 10976 | D:11     | Noticed a skeletal warrior
 11239 | D:11     | Killed a skeletal warrior
 11343 | D:11     | You fall into a shaft and drop 3 floors!
 11351 | D:13     | Noticed an eight-headed hydra
 11351 | D:13     | Noticed a cyclops
 11398 | D:11     | Killed a skeletal warrior
 11398 | D:11     | Reached ** piety under Okawaru
 11399 | D:11     | Reached XP level 12. HP: 53/72 MP: 12/14
 11579 | D:11     | Found a runed translucent door.
 11821 | D:11     | Noticed a tengu warrior
 11960 | D:11     | Noticed a boulder beetle
 12075 | Lair:1   | Entered Level 1 of the Lair of Beasts
 12075 | Lair:1   | Found a gate leading to a gauntlet.
 12314 | Gauntlet | Entered a Gauntlet
 12314 | Gauntlet | Found a transporter.
 12323 | Gauntlet | Noticed a wretched star
 12365 | Gauntlet | Found a runed translucent gate.
 12366 | Gauntlet | Found a transporter.
 12366 | Gauntlet | Found a runed translucent gate.
 12371 | Gauntlet | Found a runed translucent gate.
 12378 | Gauntlet | Found a transporter.
 12382 | Gauntlet | Found a transporter.
 12390 | Gauntlet | Noticed a death yak
 12391 | Gauntlet | Noticed a death yak
 12391 | Gauntlet | Noticed a death yak
 12392 | Gauntlet | Found a transporter.
 12392 | Gauntlet | Noticed a death yak
 12392 | Gauntlet | Noticed a death yak
 12392 | Gauntlet | Noticed a death yak
 12412 | Gauntlet | Found a transporter.
 12425 | Gauntlet | Found a transporter.
 12447 | Gauntlet | Found a transporter.
 12449 | Gauntlet | Found a transporter.
 12457 | Gauntlet | Found a transporter.
 12481 | Gauntlet | Found a transporter.
 12491 | Gauntlet | Noticed a wretched star
 12513 | Gauntlet | Found a transporter.
 12693 | Gauntlet | Killed a death yak
 12743 | Gauntlet | Noticed a minotaur
 12755 | Gauntlet | Killed a minotaur
 12767 | Gauntlet | Identified the +10 spear of Indignation {venom, rElec rPois
                  | rF+ Int-5}
 12835 | Lair:1   | Reached *** piety under Okawaru
 12843 | Lair:1   | Reached skill level 5 in Invocations
 13160 | Lair:1   | Reached **** piety under Okawaru
 13892 | Lair:2   | Acquired the amulet of Sunola {Reflect Int+3 SH+5}
 13899 | Lair:2   | Acquired a +2 demon whip of electrocution
 14025 | Lair:2   | Reached ***** piety under Okawaru
 14101 | Lair:2   | Reached XP level 13. HP: 60/76 MP: 18/18
 14468 | Lair:2   | Found a staircase to the Shoals.
 14572 | Lair:2   | Found a hole to the Spider Nest.
 15864 | Lair:4   | Identified the +1 robe of Ozuph {rF+ Int+3}
 16055 | Lair:4   | Reached ****** piety under Okawaru
 16055 | Lair:4   | Identified the +1 dire flail of Sifatt {antimagic, rElec}
                  | (Okawaru gifted it to you on level 4 of the Lair of Beasts)
 16055 | Lair:4   | Received a gift from Okawaru
 16160 | Lair:4   | Found a viscous altar of Jiyva.
 16168 | Lair:4   | Identified the +3 plate armour of Anaesthesia {rPois rN++
                  | MP-9}
 16197 | Lair:4   | Found a staircase to the Slime Pits.
 16984 | Lair:5   | Entered Level 5 of the Lair of Beasts
 17039 | Lair:5   | Identified the +1 pair of boots of Jameibuh {Rampage}
                  | (Okawaru gifted it to you on level 5 of the Lair of Beasts)
 17039 | Lair:5   | Received a gift from Okawaru
 17053 | Lair:5   | Gained mutation: Your large and strong wings let you fly.
                  | [Gargoyle growth]
 17053 | Lair:5   | Reached XP level 14. HP: 60/82 MP: 12/21
 17095 | Lair:5   | Reached skill level 10 in Invocations
 17852 | Lair:5   | Received a gift from Okawaru
 18160 | Lair:5   | Found a runed translucent door.
 19393 | D:12     | Identified the +3 kite shield "Ehireety" {Str+6} (Okawaru
                  | gifted it to you on level 12 of the Dungeon)
 19393 | D:12     | Received a gift from Okawaru
 19424 | D:12     | Reached XP level 15. HP: 79/88 MP: 16/25
 19434 | D:12     | Reached skill level 8 in Fighting
 19567 | D:12     | Noticed Jorgrun
 19573 | D:12     | Killed Jorgrun
 20103 | D:12     | Reached skill level 9 in Fighting
 20527 | D:12     | Acquired 1118 gold pieces
 20678 | D:3      | Bought the +18 Lear's hauberk for 2828 gold pieces
 20678 | D:3      | Found the +18 Lear's hauberk
 20882 | Orc:1    | Entered Level 1 of the Orcish Mines
 20889 | Orc:1    | Found Ybucrip's Jewellery Shop.
 20951 | Orc:1    | Found Hecarphiw's Antique Weapon Shoppe.
 21112 | Orc:2    | Entered Level 2 of the Orcish Mines
 21112 | Orc:2    | Found a staircase to the Elven Halls.
 21144 | Orc:2    | Found Plog's Distillery.
 21199 | Orc:2    | Found a frozen archway.
 21252 | IceCv    | Entered an ice cave
 21703 | IceCv    | Found the +4 skin of Zhor {*Englaciate rC+++ SInv}
 21879 | IceCv    | Reached skill level 10 in Fighting
 22261 | IceCv    | Found an ancient bone altar of Kikubaaqudgha.
 22524 | Orc:2    | Found Ixkecesi's Magic Scroll Shop.
 22532 | Orc:2    | Found Ijeuk's General Store.
 22535 | Orc:2    | Received a gift from Okawaru
 22559 | Orc:2    | Reached skill level 10 in Armour
 22988 | Orc:2    | Paralysed by an orc sorcerer for 4 turns
 23356 | Orc:2    | Reached skill level 11 in Fighting
 23356 | Orc:2    | Reached skill level 5 in Dodging
 23383 | Orc:2    | Found Afatie Difeh's Antique Weapon Shoppe.
 23383 | Orc:2    | Found Ukharu's Book Emporium.
 23384 | Orc:2    | Found a one-way gate leading to the halls of Pandemonium.
 23386 | Orc:2    | Received a gift from Okawaru
 23392 | Orc:2    | Reached XP level 16. HP: 100/100 MP: 26/26
 24253 | D:13     | Noticed Kirke
 24259 | D:13     | Killed Kirke
 24557 | D:14     | Reached skill level 12 in Fighting
 25299 | D:14     | Found a gate to the Vaults.
 25545 | D:15     | Entered Level 15 of the Dungeon
 26219 | D:15     | Identified the +2 scale mail of Puothe Upri {rPois Slay+3}
                  | (Okawaru gifted it to you on level 15 of the Dungeon)
 26219 | D:15     | Received a gift from Okawaru
 26230 | D:15     | Reached skill level 13 in Fighting
 26528 | D:15     | Found a staircase to the Depths.
 26807 | Shoals:1 | Entered Level 1 of the Shoals
 26809 | Shoals:1 | Identified Roxanne's Parchment of the Quake
 26809 | Shoals:1 | Noticed Roxanne
 26835 | Shoals:1 | Killed Roxanne
 27242 | Shoals:1 | Reached XP level 17. HP: 90/109 MP: 27/27
 27591 | Shoals:1 | Noticed Frances
 27776 | Shoals:1 | Identified the +0 robe "Kuaguaza" {Int+3}
 27844 | Shoals:1 | Noticed a titan
 28093 | Arena    | Entered the Arena
 28098 | Arena    | Killed a titan
 28258 | Shoals:1 | Reached skill level 14 in Fighting
 28645 | Arena    | Entered the Arena
 28653 | Arena    | Killed Frances
 28838 | Shoals:2 | Received a gift from Okawaru
 30784 | Shoals:3 | Reached skill level 15 in Fighting
 31305 | Shoals:3 | Reached skill level 15 in Armour
 32028 | Spider:1 | Entered Level 1 of the Spider Nest
 32284 | Spider:1 | Received a gift from Okawaru
 32491 | Spider:1 | Reached XP level 18. HP: 114/119 MP: 28/28
 33429 | Spider:2 | Reached skill level 16 in Fighting
 33555 | Spider:3 | Received a gift from Okawaru
 33555 | Spider:3 | Found the +3 pair of seven-league boots {Rampage+∞}
 33822 | Spider:3 | Noticed Azrael
 33834 | Spider:3 | Killed Azrael
 35095 | Spider:4 | Entered Level 4 of the Spider Nest
 35640 | Spider:4 | Reached skill level 17 in Fighting
 35699 | Spider:4 | HP: 4/123 [meliai/divine providence (15)]
 36388 | Spider:4 | Identified the +5 dire flail of Articulation {vamp, rN+
                  | Str-2 Int+4 SInv} (Okawaru gifted it to you on level 4 of
                  | the Spider Nest)
 36388 | Spider:4 | Received a gift from Okawaru
 37221 | Spider:4 | Reached XP level 19. HP: 107/129 MP: 29/29
 37318 | Spider:4 | Got a gossamer rune of Zot
 37901 | Shoals:4 | Entered Level 4 of the Shoals
 38019 | Shoals:4 | Reached skill level 18 in Fighting
 38270 | Shoals:4 | Identified the ring "Xiufatho" {Wiz rElec}
 38429 | Shoals:4 | Got a barnacled rune of Zot
 38599 | Shoals:4 | Reached skill level 10 in Dodging
 39533 | Elf:1    | Entered Level 1 of the Elven Halls
 39548 | Elf:1    | Identified the +1 buckler of Okawaru's Generosity {-Tele
                  | rC+ rN+ Will++} (Okawaru gifted it to you on level 1 of the
                  | Elven Halls)
 39548 | Elf:1    | Received a gift from Okawaru
 39765 | Elf:1    | Reached skill level 19 in Fighting
 40809 | Elf:1    | Found Hantas's Antique Weapon Shop.
 41342 | Elf:2    | Reached skill level 20 in Fighting
 41526 | Elf:2    | Paralysed by an air elemental for 1 turns
 41663 | Elf:2    | Reached XP level 20. HP: 134/140 MP: 30/30
 41769 | Elf:2    | Paralysed by an air elemental for 1 turns
 41837 | Elf:2    | Identified the -2 pair of gloves of the Maze {rF- Int+3
                  | Dex+3 Stlth+} (Okawaru gifted it to you on level 2 of the
                  | Elven Halls)
 41837 | Elf:2    | Received a gift from Okawaru
 41947 | Elf:2    | Found a runed translucent gate.
 41948 | Elf:2    | Found a runed translucent gate.
 41948 | Elf:2    | Found a runed translucent gate.
 42581 | Elf:3    | Entered Level 3 of the Elven Halls
 42659 | Elf:3    | Identified the +1 spear of the Unseen Realm {venom, rC+
                  | rCorr Str-2 Dex+5}
 42708 | Elf:3    | Reached skill level 21 in Fighting
 43050 | Elf:3    | Noticed Mara
 43095 | Elf:3    | Found Tah Vib's General Store.
 43098 | Elf:3    | Noticed ASSMAN's illusion
 43110 | Elf:3    | HP: 4/144 [ASSMAN's illusion (illusionary)[Mara] (51)]
 43117 | Elf:3    | Mangled by ASSMAN's illusion (illusionary)

Illustrated notes

Levels and vault maps discovered:
D:1:      ncdulo_wetmaze, layout_basic, chequers_decorated_corner
D:2:      layout_loops_ring, basic_altar, uniq_terence
D:3:      minmay_goblin_kobold_castle, layout_loops_corners,
          overflow_temple_1_default, okawaru_ov_weapons_minmay, serial_shops,
          nicolae_shop_trees, shop, gammafunk_ghost_nasty_kobolds,
          nrook_campfire
D:4:      layout_cave_pools, mainiacjoe_overflow_tiny_flanked
D:5:      layout_basic, serial_aquarium, aquarium_bridge_straight
          [aquarium_subvault_bridge, aquarium_subvault_balcony,
          aquarium_subvault_bridge, aquarium_subvault_wall],
          aquarium_bridge_island_small [aquarium_subvault_small_open,
          aquarium_subvault_balcony, aquarium_subvault_bridge,
          aquarium_subvault_bridge, aquarium_subvault_bridge],
          aquarium_window_2, aquarium_window_1, aquarium_window_1,
          aquarium_window_fake, aquarium_view_2a, aquarium_balcony_5b
D:6:      layout_rooms, mainiacjoe_overflow_catwalk, lemuel_doored_altar,
          minmay_temple_entry_junction_2, grunt_ministairs_1, uniq_menkaure,
          uniq_edmund
D:7:      layout_rooms, uniq_duvessa
D:8:      cheibrodos_frozen_isle, layout_loops_ring, serial_shops, shop, shop,
          shop, uniq_pikel
D:9:      layout_stronghold, enter_bailey_4, lightli_church_of_beogh
D:10:     layout_small_grid, kiku_gazebo_garden_becter, kennysheep_mini,
          erik_lair_dragon
D:11:     layout_irregular_city, lightli_airlock
D:12:     minmay_expanding_squares, layout_basic, minmay_misc_feat_pillars,
          hex_medium, uniq_jorgrun
D:13:     layout_irregular_city, grunt_decor_mini_mirrors, uniq_kirke
D:14:     layout_cave_pools, skrybe_vaults_entry_preservation, abandoned_shop,
          serial_column_ruins, column_ruins_circle_small, column_ruins_hut,
          column_ruins_grid_3, column_ruins_corridor_dead_end,
          column_ruins_corridor_T, column_ruins_grid_1, grunt_decor_junction
D:15:     grunt_enter_depths_magical_seal, layout_basic,
          minmay_large_rounded_square
Temple:   nicolae_temple_bog_church
Lair:1:   layout_regular_city, gauntlet_entry_generic, wad_woods_river_03,
          infiniplex_staircase_pool_2
Lair:2:   layout_roguey, elwin_shoals_entry_rocks,
          nicolae_spider_entry_non_spiders
Lair:3:   layout_small_grid, eino_small_chamber_without_monster,
          lemuel_fruit_tree, grunt_megastairs_3
Lair:4:   layout_regular_city, nicolae_slime_entry_field_trip, minivault_19,
          nicolae_quartered_pool_little, beast_lair_carwin_5, grunt_megastairs_2
Lair:5:   hangedman_lair_caniforms_friends, layout_long_grid, wormcave,
          serial_bayou_shore_a
Shoals:1: cheibrodos_shoals_gigantism, layout_shoals, uniq_roxanne, uniq_frances
Shoals:2: layout_shoals, nicolae_shoals_drake_roost
Shoals:3: layout_shoals, nicolae_shoals_spectral_cove
Shoals:4: shoals_end_hellmonk_lost_city
Spider:1: layout_spider_delve, drop_trap, guppyfry_spider_mini_1,
          hangedman_spider_tarantella_strand
Spider:2: layout_spider_delve
Spider:3: layout_spider_delve, nicolae_spider_webbed_stairs, uniq_azrael
Spider:4: hellmonk_spider_rune_endless_swarm, nicolae_crawler_farm
Orc:1:    layout_caves, serial_shops, nicolae_shop_advertising_works
          [nicolae_subvault_shop_adworks], nicolae_square_shop, shop,
          uniq_fannar
Orc:2:    pf_orc_diabolical, layout_caves, portal_ice_cave_entry_imps,
          serial_shops, nicolae_shop_stone
Elf:1:    eino_elf_arrival_customs, layout_loops_corners, serial_shops,
          nicolae_shop_hallway_stairs, kennysheep_underground_church,
          nicolae_elf_vaults_five_recruitment_drive
Elf:2:    nicolae_elf_blades_crystal_corner, layout_onion_city, st_stairs_4
Elf:3:    minmay_elf_hall_curves, layout_rooms, serial_shops,
          nicolae_shop_hallway_plus, library_closet, minivault_23, uniq_mara

Skill      XL: |  1  2  3  4  5  6  7  8  9 10 11 12 13 14 15 16 17 18 19 20 |
---------------+-------------------------------------------------------------+-----
Maces & Flails | 4 5 6 7 9 11 13 14 16 18 19 20 | 20.0
Armour         | 6 7 10 13 15 16 | 16.7
Fighting       | 7 11 13 15 17 20 21 | 21.2
Invocations    | 2 6 9 14 | 14.5
Dodging        | 5 6 8 9 11 | 11.7
Throwing       | |  1.7

Action                     |  1- 3 |  4- 6 |  7- 9 | 10-12 | 13-15 | 16-18 | 19-21 || total
---------------------------+-------+-------+-------+-------+-------+-------+-------++-------
  Melee: Flail             |    92 |   263 |   436 |   168 |       |       |       ||   959
         Punch             |       |     3 |     5 |     1 |       |       |       ||     9
         Whip              |       |       |    25 |       |       |       |       ||    25
         Great mace        |       |       |       |   382 |  1140 |  1483 |   653 ||  3658
  Throw: Throwing net      |     1 |     2 |       |       |       |       |       ||     3
         Javelin           |       |     1 |       |     2 |       |       |       ||     3
 Invoke: Heroism           |       |       |       |       |     4 |    11 |     1 ||    16
         Finesse           |       |       |       |       |       |     9 |     1 ||    10
         Duel              |       |       |       |       |       |     2 |       ||     2
  Evoke: Wand              |       |       |       |    14 |     4 |       |       ||    18
    Use: Potion            |       |     3 |     8 |     3 |     1 |     9 |     7 ||    31
         Scroll            |       |       |       |    38 |     9 |     8 |     1 ||    56
   Stab: Held in net/web   |     1 |     1 |       |       |       |       |       ||     2
         Invisible         |       |       |       |       |       |     1 |     6 ||     7
         Fleeing           |       |       |       |       |       |     1 |       ||     1
 Armour: Leather armour    |    53 |       |       |       |       |       |       ||    53
         Plate armour      |     1 |   259 |   385 |   388 |   530 |       |       ||  1563
         Scale mail        |     1 |       |       |       |       |       |       ||     1
         Chain mail        |       |       |       |       |   274 |  1172 |       ||  1446
         Animal skin       |       |       |       |       |       |   137 |   259 ||   396
  Dodge: Dodged            |   107 |   131 |   198 |   272 |   398 |   893 |   222 ||  2221
  Block: Other             |       |       |       |     1 |   240 |   366 |    89 ||   696
         Reflection        |       |       |       |       |     3 |    17 |    11 ||    31

Table legend: (Time is in decaauts)
 A = Elapsed time spent in this place.
 B = Non-inter-level travel time spent in this place.
 C = Inter-level travel time spent in this place.
 D = Time resting spent in this place.
 E = Time spent auto-exploring this place.
 F = Levels seen in this place.
 G = Mean time per level.
                   A        B        C        D        E       F      G
               +--------+--------+--------+--------+--------+-----+--------+
         Total |  41989 |  39867 |   2122 |   6554 |  26041 |  39 | 1076.6 |
       Dungeon |  16476 |  15213 |   1263 |   1689 |  10851 |  15 | 1098.4 |
        Temple |    243 |    224 |     19 |      0 |    202 |   1 |  243.0 |
          Lair |   6364 |   5968 |    396 |    203 |   4677 |   5 | 1272.8 |
        Shoals |   6334 |   6140 |    194 |   1682 |   3515 |   4 | 1583.5 |
   Spider Nest |   5555 |   5448 |    107 |   1865 |   2622 |   4 | 1388.8 |
  Orcish Mines |   1596 |   1528 |     68 |    168 |    974 |   2 |  798.0 |
   Elven Halls |   3435 |   3362 |     73 |    259 |   2468 |   3 | 1145.0 |
        Bailey |    370 |    370 |      0 |     82 |    157 |   1 |  370.0 |
      Ice Cave |   1079 |   1079 |      0 |    519 |    344 |   1 | 1079.0 |
      Gauntlet |    514 |    514 |      0 |     86 |    230 |   1 |  514.0 |
         Arena |     20 |     20 |      0 |      0 |      0 |   2 |   10.0 |
               +--------+--------+--------+--------+--------+-----+--------+

Top non-repeatable levels by time:
Spider:3: 2415 daAuts
  Lair:5: 1850 daAuts
     D:3: 1805 daAuts
Shoals:1: 1796 daAuts
    D:10: 1752 daAuts
Shoals:2: 1695 daAuts
Spider:4: 1662 daAuts
   Elf:1: 1631 daAuts
Shoals:3: 1420 daAuts
Shoals:4: 1420 daAuts
  Lair:2: 1414 daAuts
    D:12: 1371 daAuts
    D:11: 1353 daAuts
   Orc:2: 1347 daAuts
     D:9: 1315 daAuts
